 Dungeon Crawl Stone Soup version 0.13.0-3-g966e3ec (webtiles) character file.

422 Malachi the Covered (level 6, 0/52 HPs)
             Began as a Ghoul Fighter on Oct 13, 2013.
             Slain by an ogre
             ... wielding a +2,+0 great mace
              (12 damage)
             ... on Level 4 of the Dungeon.
             The game lasted 00:07:36 (3890 turns).

Malachi the Covered (Ghoul Fighter)                 Turns: 3890, Time: 00:07:37

HP   0/52        AC  9     Str 22      XL: 6   Next: 48%
MP   4/4         EV  5     Int  3      God:
Gold 97          SH 18     Dex  8      Spells:  0 memorised,  5 levels left

Res.Fire  : . . .   See Invis. : .   a - +0 hand axe {=f}
Res.Cold  : + . .   Warding    : .   o - +0 chain mail
Life Prot.: + + +   Conserve   : .   s - +0 elf shield
Res.Poison: +       Res.Corr.  : .   (no helmet)
Res.Elec. : .       Clarity    : .   (no cloak)
Sust.Abil.: . .     Spirit.Shd : .   (no gloves)
Res.Mut.  : .       Stasis     : .   (no boots)
Res.Rott. : +       Flight     : .   (no amulet)
Saprovore : + + +                    (no ring)
                                     (no ring)

@: rotting, slightly resistant to hostile enchantments, extremely unstealthy
A: rotting body, claws 1, carnivore 3, cold resistance 1, life protection 3,
poison resistance, saprovore 3, slow healing 1, torment resistance, unbreathing
a: no special abilities


You were on level 4 of the Dungeon.
You were not hungry.

You visited 2 branches of the dungeon, and saw 5 of its levels.
You also visited: Sewer.

You collected 77 gold pieces.

Inventory:

Hand weapons
 a - a +0,+0 hand axe (weapon) {=f}
Armour
 b - a +0 scale mail
 c - a +0 shield
 o - a +0 chain mail (worn)
 s - a +0 elven shield (worn)
Comestibles
 f - 2 meat rations
Scrolls
 d - 5 scrolls of remove curse {unknown}
 g - 4 scrolls of teleportation {unknown}
 h - a scroll of enchant weapon II {unknown}
 i - a scroll of noise {unknown}
 k - 4 scrolls of identify {unknown}
 l - a scroll of fog {unknown}
 m - a scroll of recharging {unknown}
 p - a scroll of curse jewellery {unknown}
Jewellery
 j - an uncursed amulet of rage {unknown}
 q - an uncursed ring of sustenance {unknown}
Potions
 e - a potion of degeneration {unknown}
 v - a potion of heal wounds
 x - a potion of curing
 z - a potion of beneficial mutation {unknown}
 A - a potion of flight
Books
 w - a book of Flames

   Spells                             Type                      Level
   Flame Tongue                       Conjuration/Fire             1
   Throw Flame                        Conjuration/Fire             2
   Conjure Flame                      Conjuration/Fire             3
   Inner Flame                        Hexes/Fire                   3
   Sticky Flame                       Conjuration/Fire             4
   Fireball                           Conjuration/Fire             5


   Skills:
 + Level 3.8 Fighting
 * Level 3.3 Axes
 + Level 4.1 Armour
 + Level 2.4 Dodging
 + Level 3.5 Shields


You had 5 spell levels left.
You didn't know any spells.

Dungeon Overview and Level Annotations

Branches:
Dungeon (4/27)             Temple (1/1) D:4

Altars:
Ashenzari
Cheibriados
Elyvilon
Fedhas
Kikubaaqudgha
Makhleb
Sif Muna
Trog
Vehumet
Xom
Yredelemnul
Zin
the Shining One


Innate Abilities, Weirdness & Mutations

Your body is rotting away.
You have sharp fingernails.
You are carnivorous and can eat meat at any time.
Your flesh is cold resistant.
You are immune to negative energy.
Your system is resistant to poisons.
You thrive on rotten meat.
You heal slowly.
You are immune to unholy pain and torment.
You can survive without breathing.


Message History

You hit the ogre.
The ogre is lightly wounded.
The ogre hits you with a great mace!
Your shield prevents you from hitting the ogre.
The ogre is lightly wounded.
You block the ogre's attack.
You hit the ogre but do no damage.
The ogre is lightly wounded.
The ogre hits you with a great mace.
You hit the ogre.
The ogre is lightly wounded.
You block the ogre's attack.
Your shield and chain mail prevent you from hitting the ogre.
The ogre is lightly wounded.
The ogre hits you with a great mace!
* * * LOW HITPOINT WARNING * * *
Drink which item? (? for menu, Esc to quit)
You feel slightly nauseous.
It was a potion of poison.
The ogre hits you with a great mace!
You die...

#.###.##........ #.#
#.###.###%#. #.# #.#
#.# #.#. #.# #.# #.#
#.#. #.# #.###.###...
#.###.#.....###.
####.##.#..#.#.# #>
#######......###.#...#
##
........@..#..#..###.#
.######O####.#.#.....#
..r #)#.#####.####
..... #.#.#####.....
.....#. #.#........###
#?#.#. #.########.# ..
.. #.# #.# # ## #.#
#.# #.# #.#


You could see an ogre and a quokka.

Vanquished Creatures
  A centaur (D:4)
  A big kobold (Sewer)
  A big fish (Sewer)
  2 worker ants (D:4)
  3 adders
  A giant mite (D:3)
  2 worms
  2 grey rats (Sewer)
  6 giant geckos
  2 oozes (D:2)
  An orc (D:3)
  3 bats
  5 giant cockroaches
  6 goblins
  8 hobgoblins
  A quokka (D:4)
  A ball python (D:4)
  3 giant newts (D:3)
  2 jackals (Sewer)
  8 kobolds
  8 rats
67 creatures vanquished.

Notes
Turn   | Place    | Note
--------------------------------------------------------------
     0 | D:1      | Malachi, the Ghoul Fighter, began the quest for the Orb.
     0 | D:1      | Reached XP level 1. HP: 19/19 MP: 0/0
   370 | D:1      | Reached XP level 2. HP: 25/25 MP: 1/1
  1156 | D:2      | Reached XP level 3. HP: 26/32 MP: 2/2
  1801 | D:2      | Reached skill level 1 in Dodging
  1994 | D:3      | Reached XP level 4. HP: 31/39 MP: 2/2
  2202 | D:3      | Found a glowing drain.
  2310 | Sewer    | Entered a sewer
  2382 | Sewer    | Noticed a big kobold
  2382 | Sewer    | Reached XP level 5. HP: 35/46 MP: 3/3
  2414 | Sewer    | Killed a big kobold
  2484 | Sewer    | Found a white marble altar of Elyvilon.
  2855 | D:3      | Found a blossoming altar of Fedhas.
  3321 | D:4      | Reached XP level 6. HP: 45/52 MP: 4/4
  3500 | D:4      | Found a staircase to the Ecumenical Temple.
  3514 | D:4      | Noticed a centaur
  3523 | D:4      | HP: 2/52 [centaur (4)]
  3536 | D:4      | Killed a centaur
  3536 | D:4      | Reached skill level 4 in Armour
  3557 | Temple   | Entered the Ecumenical Temple
  3880 | D:4      | Noticed an ogre
  3890 | D:4      | Slain by an ogre

Action                   |  1- 3 |  4- 6 || total
-------------------------+-------+-------++-------
Melee: Hand axe          |   158 |   217 ||   375
  Use: Potion            |       |     4 ||     4
